 Dungeon Crawl Stone Soup version 0.24-a0-434-gd57e52fea8 (webtiles) character file.

Game seed: 7910130241335692575

213 OCTOBOI the Conjurer (level 5, -5/31 HPs)
             Began as an Octopode Conjurer on June 15, 2019.
             Was a Follower of Vehumet.
             Killed by divine providence
             ... invoked by an orc priest
              (12 damage)
             ... on level 3 of the Dungeon.
             The game lasted 00:10:55 (3021 turns).

OCTOBOI the Conjurer (Octopode Conjurer)            Turns: 3021, Time: 00:10:56

Health: -5/31      AC:  1    Str:  7    XL:     5   Next: 90%
Magic:  2/10       EV: 13    Int: 18    God:    Vehumet [*.....]
Gold:   188        SH:  0    Dex: 13    Spells: 6/10 levels left

rFire    . . .     SeeInvis .   e - +0 dagger (drain)
rCold    . . .     Gourm    .   (no shield)
rNeg     . . .     Faith    .   (helmet restricted)
rPois    .         Spirit   .   (no amulet)
rElec    .         Reflect  .   (no ring)
rCorr    .         Harm     .   (no ring)
MR       .....                  (no ring)
Stlth    +++.......             (no ring)
HPRegen  0.10/turn              (no ring)
MPRegen  0.12/turn              (no ring)
                                (no ring)
                                (no ring)

@: no status effects
A: almost no armour, stealthy swim, amphibious, 8 rings, constrict 8, camouflage
1, gelatinous body 1
a: Renounce Religion


You were on level 3 of the Dungeon.
You worshipped Vehumet.
Vehumet was aware of your devotion.
You were not hungry.

You visited 1 branch of the dungeon, and saw 3 of its levels.

You collected 188 gold pieces.

Inventory:

Hand Weapons
 e - a +0 dagger of draining (weapon)
Jewellery
 i - a cursed ring of attention {unknown}
 j - a cursed -2 ring of protection {unknown}
Scrolls
 a - a scroll of magic mapping {unknown}
 c - 2 scrolls of identify {unknown}
 f - a scroll of enchant weapon {unknown}
 g - 2 scrolls of enchant armour {unknown}
 k - a scroll of teleportation {unknown}
 l - a scroll of amnesia {unknown}
 m - a scroll of immolation {unknown}
Potions
 d - 2 potions of might {unknown}
 h - 2 potions of ambrosia {unknown}
 n - a potion of lignification {unknown}
Comestibles
 b - 4 rations


   Skills:
 - Level 2.0 Dodging
 - Level 2.6 Stealth
 + Level 3.3 Spellcasting
 * Level 5.9 Conjurations
 * Level 1.5 Hexes


You had 6 spell levels left.
You knew the following spells:

 Your Spells              Type           Power        Failure   Level  Hunger
a - Magic Dart            Conj           ###.         1%          1    None
b - Dazzling Spray        Conj/Hex       ###...       11%         3    ###....

Your spell library contained the following spells:

 Spells                   Type           Power        Failure   Level  Hunger
 Sting                    Conj/Pois      ##..         4%          1    None
 Searing Ray              Conj           ###...       1%          2    ##.....
 Iskenderun's Mystic Bla  Conj           ###.....     14%         4    ####...
 Fulminant Prism          Conj/Hex       ###.......   34%         4    ####...
 Force Lance              Conj/Tloc      ##......     43%         4    ####...


Dungeon Overview and Level Annotations

Branches:
Dungeon (3/15)

Altars:
Kikubaaqudgha
Qazlal
Sif Muna
Vehumet


Innate Abilities, Weirdness & Mutations

You cannot wear most types of armour.
You are very stealthy in the water. (Stealth+)
You are amphibious.
You can wear up to eight rings at the same time.
You can use your tentacles to constrict eight enemies at once.
Your skin changes colour to match your surroundings (Stealth+).
Your rubbery body absorbs attacks. (AC +1, EV +1)


Message History

The magic dart hits you.
You hit the orc wizard. You grab the orc wizard.
The orc wizard is almost dead.
You constrict the orc wizard.
The orc wizard points at you and mumbles some strange words.
The magic dart hits you.
The orc priest shouts!
You hit the orc wizard but do no damage.
You squeeze the orc wizard.
You kill the orc wizard!
Vehumet accepts your kill.
You hear a shout!
The orc priest looks encouraged for a moment.
The orc priest calls down the wrath of Beogh upon you.
Beogh smites you!
* * * LOW HITPOINT WARNING * * *
There is a stone staircase leading up here.
The orc priest calls down the wrath of Beogh upon you.
Beogh smites you!
You die...

###.##... #..#..#
##.##.# #.#..# #.....
###..... #.......
############ #.#..).#
#...@......# #....o..
#..........# ####.#..
#..........#####.....
#..........o..o......
#..........#........#
#............).......
#..........#........#
#..........#.........
#..........##.###.#..


You could see an orc priest.

Vanquished Creatures
  Jessica (D:2)
  Natasha (twice) (D:2)
  An orc wizard (D:3)
  4 adders
  2 oozes
  A worm (D:2)
  A dart slug (D:3)
  5 leopard geckos
  4 giant cockroaches
  4 goblins
  4 hobgoblins
  2 jackals (D:1)
  12 kobolds
  2 quokkas
  A ball python (D:3)
  4 bats
  3 frilled lizards
  8 rats
61 creatures vanquished.

Vanquished Creatures (others)
  An orc (D:3)
1 creature vanquished.

Grand Total: 62 creatures vanquished

Notes
Turn   | Place    | Note
-------+----------+-------------------------------------------
     0 | D:1      | OCTOBOI the Octopode Conjurer began the quest for the Orb.
     0 | D:1      | Reached XP level 1. HP: 11/11 MP: 3/3
   112 | D:1      | Reached XP level 2. HP: 17/17 MP: 3/5
   555 | D:1      | Reached XP level 3. HP: 21/21 MP: 1/6
  1235 | D:2      | Found an ancient bone altar of Kikubaaqudgha.
  1237 | D:2      | Found a deep blue altar of Sif Muna.
  1239 | D:2      | Found a radiant altar of Vehumet.
  1244 | D:2      | Identified Vehumet's Disquisition on Damage Dealing
  1252 | D:2      | Became a worshipper of Vehumet
  1436 | D:2      | Reached skill level 5 in Conjurations
  1584 | D:2      | Noticed Natasha
  1590 | D:2      | Reached XP level 4. HP: 27/27 MP: 3/8
  1649 | D:2      | Killed Natasha
  1704 | D:2      | Noticed Natasha
  1711 | D:2      | Killed Natasha
  1819 | D:2      | Reached XP level 5. HP: 31/31 MP: 5/9
  1917 | D:2      | Noticed Jessica
  1927 | D:2      | Learned a level 3 spell: Dazzling Spray
  1935 | D:2      | Killed Jessica
  2200 | D:3      | Reached skill level 1 in Hexes
  2387 | D:3      | Reached * piety under Vehumet
  2387 | D:3      | Offered knowledge of Sting by Vehumet.
  2518 | D:3      | Found a stormy altar of Qazlal.
  3021 | D:3      | Killed from afar by an orc priest

Levels and vault maps discovered:
D:1:      scummos_arrival_star, layout_rooms
D:2:      layout_rooms, grunt_temple_overflow_magic_moments,
          minmay_tetromino_o4, uniq_jessica, uniq_natasha
D:3:      layout_rooms, nicolae_qazlal_general_emergency

Skill      XL: |  1  2  3  4  5 |
---------------+----------------+-----
Conjurations   | 5 |  5.9
Spellcasting   | 3 |  3.3
Hexes          | 1 |  1.5
Dodging        | |  2.0
Stealth        | |  2.6

Action                   |  1- 3 |  4- 6 || total
-------------------------+-------+-------++-------
Melee: Tentacles         |     5 |     1 ||     6
       Unarmed           |     2 |       ||     2
       Constrict         |     2 |     1 ||     3
       Dagger            |     4 |     3 ||     7
 Cast: Magic Dart        |    73 |    76 ||   149
       Dazzling Spray    |       |     4 ||     4
  Eat: Chunk             |     2 |     3 ||     5
       Ration            |       |     1 ||     1
Armor: Skin              |       |     1 ||     1
Dodge: Dodged            |     5 |     7 ||    12

Table legend:
 A = Non-vault XP
 B = Vault XP
 C = Vault XP percentage of total XP
 D = Non-vault monster count
 E = Vault monster count
 F = Vault count percentage of total count
                 A         B        C        D         E       F
            +---------+---------+-------+---------+---------+-------
      Total |     229 |      76 |  24.9 |      58 |       4 |   6.5
            +---------+---------+-------+---------+---------+-------
        D:1 |      34 |       0 |   0.0 |      20 |       0 |   0.0
        D:2 |     105 |      76 |  42.0 |      23 |       4 |  14.8
        D:3 |      90 |       0 |   0.0 |      15 |       0 |   0.0
            +---------+---------+-------+---------+---------+-------
